 Dungeon Crawl Stone Soup version 0.29.1-13-g9f3cf754e1 (webtiles) character file.

Game seed: 15622890951750947616

193 DemonSlayer the Digger (level 5, -5/55 HPs)
             Began as a Demonspawn Earth Elementalist on Jan 24, 2023.
             Was a Follower of Nemelex Xobeh.
             Slain by Duvessa
             ... wielding a +0 rapier
              (7 damage)
             ... on level 4 of the Dungeon.
             The game lasted 00:08:14 (2821 turns).

DemonSlayer the Digger (DsEE)                       Turns: 2821, Time: 00:08:15

Health: -5/55      AC: 22    Str: 16    XL:     5   Next: 43%
Magic:  6/10       EV:  2    Int: 16    God:    Nemelex Xobeh [*.....]
Gold:   167        SH:  0    Dex: 20    Spells: 5/11 levels left

rFire   . . .      SeeInvis .   n - +0 great mace
rCold   . . .      Faith    +   (shield currently unavailable)
rNeg    . . .      Spirit   .   (body armour currently unavailable)
rPois   +          Reflect  .   (helmet currently unavailable)
rElec   .          Harm     .   (cloak currently unavailable)
rCorr   .          Rampage  .   (gloves currently unavailable)
Will    .....      NoTele   +   (boots currently unavailable)
Stlth   ++........              p - amulet of faith
HPRegen 0.18/turn               c - +6 ring of dexterity
MPRegen 0.24/turn               l - +6 ring of strength

@: tree-form
A: stationary, stasis, torment immunity, boosted hp, ignite blood 1, magic
regeneration
a: Renounce Religion, Draw Escape, Draw Destruction, Draw Summoning


You were on level 4 of the Dungeon.
You worshipped Nemelex Xobeh.
Nemelex Xobeh was aware of your devotion.
You were a tree.
You visited 1 branch of the dungeon, and saw 4 of its levels.

You collected 167 gold pieces.

Inventory:

Hand Weapons
 g - a +2 hand axe of electrocution
 n - a +0 great mace (weapon)
Armour
 a - a +0 robe (melded)
 j - a +0 helmet (melded)
Jewellery
 c - a +6 ring of dexterity (left branch)
 e - a +6 ring of intelligence
 l - a +6 ring of strength (right branch)
 p - an amulet of faith (around neck)
Scrolls
 b - a scroll of fear {unknown}
 d - a scroll of amnesia
 f - a scroll of teleportation
 h - a scroll of magic mapping {unknown}
 k - a scroll of noise {unknown}
 o - a scroll of summoning {unknown}
 q - a scroll of identify
Potions
 m - a potion of cancellation {unknown}
 r - a potion of mutation {unknown}


   Skills:
 + Level 1.0 Fighting
 + Level 0.5 Axes
 + Level 2.0 Dodging
 + Level 2.1 Stealth
 + Level 3.7 Spellcasting
 + Level 1.0 Transmutations
 + Level 4.0 Earth Magic


You had 5 spell levels left.
You knew the following spells:

 Your Spells              Type           Power      Damage    Failure   Level
a - Sandblast             Erth           30%        2d9       3%          1
b - Passwall              Tmut/Erth      9%         N/A       10%         2
c - Stone Arrow           Conj/Erth      18%        3d8       22%         3

Your spell library contained the following spells:

 Spells                   Type           Power      Damage    Failure   Level
 Petrify                  Tmut/Erth      11%        N/A       52%         4


Dungeon Overview and Level Annotations

Branches:
Dungeon (4/15)             Temple (0/1) D:4

Altars:
Nemelex Xobeh
Ru

Annotations:
D:4 Dowan, Duvessa


Innate Abilities, Weirdness & Mutations

You are a tree.
Your roots penetrate the ground, keeping you stationary.
You cannot be teleported.
You are immune to unholy pain and torment.
Your maximum health is greatly increased.
Your equipment is partially melded.
Your demonic aura sometimes causes spilled blood to erupt in flames.
You regenerate magic rapidly.


Message History

The blast of sand hits Duvessa.
Duvessa is lightly wounded.
Duvessa barely misses you. Duvessa hits you with a +0 rapier.
Casting: Sandblast (safe; 3% risk of failure)
Confirm with . or Enter, or press ? or * to list all spells.
Aiming: Sandblast (safe; 3% risk of failure)
Press: ? - help, Shift-Dir - straight line, f/p - Duvessa
Aim: Duvessa, wielding a +0 rapier and wearing a +0 leather armour (lightly wounded, 84% to hit)
The blast of sand misses Duvessa.
The blast of sand hits Dowan!
Dowan is heavily wounded.
Duvessa completely misses you.
Your magical contamination has completely faded away.
Casting: Sandblast (safe; 3% risk of failure)
Confirm with . or Enter, or press ? or * to list all spells.
Aiming: Sandblast (safe; 3% risk of failure)
Press: ? - help, Shift-Dir - straight line, f/p - Duvessa
Aim: Duvessa, wielding a +0 rapier and wearing a +0 leather armour (lightly wounded, 84% to hit)
The blast of sand hits Duvessa.
Duvessa is moderately wounded.
Duvessa misses you.
Dowan smirks and points a slender finger.
Duvessa hits you with a +0 rapier!
* * * LOW HITPOINT WARNING * * *
Okay, then.
It was a potion of lignification.
You turn into a tree.
Your +0 helmet melds into your body.
Your +0 robe melds into your body.
Your roots penetrate the ground.
Duvessa says, "When magic and the sword combine, nothing stands against them."
Duvessa hits you but does no damage.
You hit Duvessa.
Duvessa is moderately wounded.
Duvessa hits you but does no damage.
You barely miss Duvessa.
Duvessa is moderately wounded.
Duvessa hits you with a +0 rapier!
* * * LOW HITPOINT WARNING * * *
Dowan mumbles some strange words.
Dowan blinks!
Duvessa hits you with a +0 rapier!
You die...
Your body glows slightly and disappears.

#...#.....###.##....†.........
##'##.....+.#.##.#.###...#.###
#.##.....#.#.##.####......###
#.##'#.###......# ##...#.... ###
#.#..#.'...#.#### ##.###### #..
.....#######.# #.# #.# #.##.# #.#
#.# #.###.##.# #.# #+# #.##...#.#
#♣# #.##.#.#.# #e# #..#...#.#
###§## ######
#...#.##.#####....#####8.$.8# #
..................#...#.....#. #
#........####......§⌠.e.e>....⌠..
#..#..##.# #....##.§.#.....#...#
#.##.###.# #...#######8...8#####
#.##.# #.# #.### ###### #.#


You could see Duvessa.

Vanquished Creatures
  Jessica (D:2)
  Natasha (twice) (D:3)
  Robin (D:2)
  An adder (D:2)
  A shadow imp (D:3)
  A white imp (D:4)
  2 worms (D:2)
  6 orcs (D:4)
  A bat (D:1)
  7 endoplasms
  A giant cockroach (D:2)
  12 goblins
  6 hobgoblins
  3 jackals (D:1)
  2 quokkas
  8 ball pythons
  6 frilled lizards
  4 kobolds
  5 rats
70 creatures vanquished.

Vanquished Creatures (others)
  4 fungi (D:3)
  2 plants (D:3)
6 creatures vanquished.

Grand Total: 76 creatures vanquished

Notes
Turn   | Place    | Note
-------+----------+-------------------------------------------
     0 | D:1      | DemonSlayer the Demonspawn Earth Elementalist began the
                  | quest for the Orb.
     0 | D:1      | Reached XP level 1. HP: 13/13 MP: 3/3
    34 | D:1      | Reached skill level 1 in Transmutations
   396 | D:1      | Gained mutation: You regenerate magic rapidly. [demonic
                  | ancestry]
   396 | D:1      | Reached XP level 2. HP: 18/20 MP: 0/5
   399 | D:1      | Learned a level 2 spell: Passwall
   502 | D:1      | Reached skill level 3 in Earth Magic
   821 | D:2      | Reached XP level 3. HP: 22/25 MP: 3/6
   833 | D:2      | Noticed Jessica
   836 | D:2      | Killed Jessica
   841 | D:2      | Noticed Robin
   847 | D:2      | Killed Robin
   848 | D:2      | Reached XP level 4. HP: 19/31 MP: 2/8
   857 | D:2      | Reached skill level 1 in Fighting
  1120 | D:2      | Found a sparkling altar of Nemelex Xobeh.
  1565 | D:2      | Learned a level 3 spell: Stone Arrow
  1631 | D:2      | Became a worshipper of Nemelex Xobeh the Trickster
  1643 | D:3      | Noticed Natasha
  1647 | D:3      | Killed Natasha
  1671 | D:3      | Gained mutation: Your demonic aura sometimes causes spilled
                  | blood to erupt in flames. [demonic ancestry]
  1671 | D:3      | Reached XP level 5. HP: 26/37 MP: 4/9
  1779 | D:3      | Noticed Natasha
  1782 | D:3      | Killed Natasha
  2117 | D:4      | Found a sacrificial altar of Ru.
  2251 | D:4      | Reached * piety under Nemelex Xobeh
  2536 | D:4      | Reached skill level 4 in Earth Magic
  2792 | D:4      | Found a staircase to the Ecumenical Temple.
  2796 | D:4      | Noticed Duvessa
  2797 | D:4      | Noticed Dowan
  2821 | D:4      | HP: 2/55 [Duvessa/+0 rapier (7)]
  2821 | D:4      | Slain by Duvessa

Illustrated notes

Levels and vault maps discovered:
D:1:      minmay_arrival_radiant_lines, layout_basic
D:2:      minmay_chambers_of_ones, layout_rooms, basic_altar, uniq_robin,
          uniq_jessica
D:3:      layout_loops_ring, shapermc_ecumenical_altar_mp_ritualfount,
          dk_vineyard_3, uniq_natasha, uniq_crazy_yiuf_cottage
D:4:      nicolae_cairo_tiling_large, layout_loops_corners,
          mainiacjoe_overflow_chevrons, minmay_temple_entry_antechambers,
          eino_tiny_chamber, hangedman_abyss_or_decor_stagger, uniq_duvessa

Skill      XL: |  1  2  3  4  5 |
---------------+----------------+-----
Transmutations | 1 |  1.0
Earth Magic    | 3 4 |  4.0
Stealth        | 2 |  2.1
Fighting       | 1 |  1.0
Spellcasting   | 3 |  3.7
Dodging        | 2 |  2.0
Axes           | |  0.5

Action                   |  1- 3 |  4- 6 || total
-------------------------+-------+-------++-------
Melee: Short sword       |    10 |       ||    10
       Hand axe          |     5 |     9 ||    14
       Great mace        |       |    20 ||    20
 Cast: Sandblast         |    39 |    62 ||   101
  Use: Potion            |     1 |     2 ||     3
       Scroll            |     2 |     1 ||     3
Armor: Robe              |     4 |     6 ||    10
       Skin              |       |     2 ||     2
Dodge: Dodged            |    18 |    54 ||    72
